 Dungeon Crawl Stone Soup version 0.27-a0-295-ge1136d6ca4 (webtiles) character file.

Game seed: 17039898087004540639

362 EldarEldrad the Cleaver (level 6, -10/51 HPs)
             Began as a Minotaur Berserker on Feb 10, 2021.
             Was a Priest of Trog.
             Mangled by an ice beast (11 damage)
             ... on level 5 of the Dungeon.
             The game lasted 00:10:08 (3834 turns).

EldarEldrad the Cleaver (Minotaur Berserker)        Turns: 3834, Time: 00:10:09

Health: -10/51     AC:  4    Str: 23    XL:     6   Next: 39%
Magic:  5/5        EV: 12    Int:  4    God:    Trog [***...]
Gold:   249        SH:  0    Dex: 10    Spells: 5/5 levels left

rFire    . . .     SeeInvis .   a - +0 war axe
rCold    . . .     Faith    .   (no shield)
rNeg     . . .     Spirit   .   h - +0 leather armour
rPois    .         Reflect  .   (helmet restricted)
rElec    .         Harm     .   (no cloak)
rCorr    .         Rampage  .   (no gloves)
Will     .....                  v - +0 pair of boots (curse)
Stlth    +.........             (no amulet)
HPRegen  0.17/turn              (no ring)
MPRegen  0.09/turn              (no ring)

@: no status effects
A: retaliatory headbutt, horns 2
a: Renounce Religion, Berserk, Trog's Hand


You were on level 5 of the Dungeon.
You worshipped Trog.
Trog was most pleased with you.
You visited 1 branch of the dungeon, and saw 5 of its levels.

You collected 249 gold pieces.

Inventory:

Hand Weapons
 a - a +0 war axe (weapon)
 b - a +0 flail
Missiles
 c - 48 stones (quivered)
 f - 16 poisoned darts
Armour
 h - a +0 leather armour (worn)
 j - a +0 scale mail
 s - a +0 ring mail
 v - a cursed +0 pair of boots (worn)
Jewellery
 x - an uncursed ring of protection from fire {unknown}
 y - an uncursed amulet of faith {unknown}
Wands
 q - a wand of polymorph (8)
Scrolls
 d - 2 scrolls of teleportation {unknown}
 e - a scroll of random uselessness {unknown}
 g - 3 scrolls of identify {unknown}
 i - a scroll of blinking {unknown}
 m - a scroll of remove curse {unknown}
 o - 3 scrolls of fear {unknown}
 p - a scroll of magic mapping {unknown}
 u - a scroll of enchant weapon {unknown}
 w - a scroll of noise {unknown}
Potions
 k - 4 potions of curing {unknown}
 l - a potion of lignification {unknown}
 n - a potion of might {unknown}
 r - a potion of attraction {unknown}
 t - a potion of flight {unknown}
 z - a potion of brilliance {unknown}


   Skills:
 - Level 3.6 Fighting
 + Level 8.8 Axes
 - Level 2.4 Armour
 - Level 2.1 Dodging


You had 5 spell levels left.
You didn't know any spells.
Your spell library was empty.

Dungeon Overview and Level Annotations

Branches:
Dungeon (5/15)
 Temple: D:4-7

Altars:


Innate Abilities, Weirdness & Mutations

You reflexively headbutt those who attack you in melee.
You have a pair of horns on your head.


Message History

You see here a mace.
There is a shaft here.
You open the door.
There is an open door here.
You open the door.
There is an open door here.
You open the door.
An ice beast and a sky beast come into view.
There is an open door here.
The sky beast flickers out of sight!
Deactivating autopickup; reactivate with Ctrl-A.
Something hits you but does no damage.
You miss something. You headbutt something!
Something hits you but does no damage.
You completely miss something. Your headbutt misses something.
Something hits you. Something shocks you.
You miss something. Something hits you but does no damage.
You hit something. Your headbutt misses something. Something hits you.
Something shocks you.
You hit something. You hit the ice beast. Something hits you.
Something shocks you. The ice beast barely misses you.
You hit the ice beast.
The ice beast is moderately wounded.
You miss something. Something completely misses you. The ice beast misses you.
You hit the ice beast but do no damage.
You headbutt the ice beast, but do no damage.
The ice beast is moderately wounded.
You miss something. Something hits you. Something shocks you.
The ice beast hits you. The ice beast freezes you!
* * * LOW HITPOINT WARNING * * *
You hit the ice beast but do no damage.
The ice beast is moderately wounded.
You closely miss something. Something hits you.
* * * LOW HITPOINT WARNING * * *
Something shocks you.
* * * LOW HITPOINT WARNING * * *
The ice beast hits you.
* * * LOW HITPOINT WARNING * * *
The ice beast freezes you!
You die...

....... #...#.# #.#
........# #...#.# #.#
........# #...#.# #.#
........# #...#.# #.#
........# #...#.###.#
........# #...#.#...#
........######...#......
.......Y'....'...'.#...#
.......@######...#.#..##
.......{# #...#.#.##
........# #...#.#.#
#######.# #...#.#.# #.#
#...#.#.# #.# #####.#.##
#.# #.#..# #.# #..#
####.#..##


You could see an ice beast.

Vanquished Creatures
  A scorpion (D:4)
  An orc priest (D:3)
  Ijyb (D:3)
  8 gnolls
  8 adders
  An ooze (D:1)
  3 worms
  4 dart slugs
  4 leopard geckos
  2 orcs (D:3)
  6 bats
  7 giant cockroaches
  7 goblins
  7 hobgoblins
  9 jackals
  A quokka (D:3)
  A ball python (D:1)
  3 frilled lizards
  8 kobolds
  A leopard gecko skeleton (D:4)
  9 rats
92 creatures vanquished.

Notes
Turn   | Place    | Note
-------+----------+-------------------------------------------
     0 | D:1      | EldarEldrad the Minotaur Berserker began the quest for the
                  | Orb.
     0 | D:1      | Reached XP level 1. HP: 19/19 MP: 0/0
   260 | D:1      | Reached skill level 4 in Axes
   317 | D:1      | Reached XP level 2. HP: 23/26 MP: 1/1
   740 | D:1      | Reached skill level 5 in Axes
   747 | D:1      | Reached XP level 3. HP: 25/30 MP: 2/2
  1564 | D:2      | Reached skill level 6 in Axes
  1564 | D:2      | Reached XP level 4. HP: 39/39 MP: 3/3
  1598 | D:2      | Reached ** piety under Trog
  1732 | D:2      | Reached XP level 5. HP: 38/45 MP: 4/4
  1807 | D:2      | Reached skill level 7 in Axes
  2061 | D:3      | Noticed Ijyb
  2070 | D:3      | Killed Ijyb
  2664 | D:3      | Reached skill level 8 in Axes
  3014 | D:4      | Reached XP level 6. HP: 51/51 MP: 5/5
  3251 | D:4      | Reached *** piety under Trog
  3694 | D:5      | Entered Level 5 of the Dungeon
  3825 | D:5      | Noticed an ice beast
  3825 | D:5      | Noticed a sky beast
  3834 | D:5      | HP: 2/51 [something (6)]
  3834 | D:5      | Mangled by an ice beast

Illustrated notes

Levels and vault maps discovered:
D:1:      amcnicky_arrival_flooded_fountain, layout_rooms
D:2:      layout_loops_ring, chequers_arboretum
D:3:      layout_loops_ring, minmay_checkerbox, uniq_ijyb
D:4:      layout_loops_ring, minivault_26
D:5:      layout_basic, lemuel_crystal_altar, lemuel_round_altar,
          eino_curves_04, amcnicky_mini_rare_corridor_liquid

Skill      XL: |  1  2  3  4  5 |
---------------+----------------+-----
Axes           | 4 5 6 8 |  8.8
Fighting       | |  3.6
Armour         | |  2.4
Dodging        | |  2.1

Action                   |  1- 3 |  4- 6 || total
-------------------------+-------+-------++-------
Melee: Hand axe          |    72 |       ||    72
       Headbutt          |    11 |    18 ||    29
       War axe           |     3 |   133 ||   136
Throw: Stone             |    28 |    18 ||    46
Invok: Berserk           |     1 |     2 ||     3
       Trog's Hand       |       |     1 ||     1
Armor: Animal skin       |     7 |       ||     7
       Leather armour    |     9 |    17 ||    26
Dodge: Dodged            |    33 |    78 ||   111

Table legend: (Time is in decaauts)
 A = Elapsed time spent in this place.
 B = Non-inter-level travel time spent in this place.
 C = Inter-level travel time spent in this place.
 D = Time resting spent in this place.
 E = Time spent auto-exploring this place.
 F = Levels seen in this place.
 G = Mean time per level.
                   A        B        C        D        E       F      G
               +--------+--------+--------+--------+--------+-----+--------+
         Total |   3890 |   3807 |     83 |    473 |   2514 |   5 |  778.0 |
       Dungeon |   3890 |   3807 |     83 |    473 |   2514 |   5 |  778.0 |
               +--------+--------+--------+--------+--------+-----+--------+

Top non-repeatable levels by time:
     D:2: 1142 daAuts
     D:1: 954 daAuts
     D:3: 940 daAuts
     D:4: 712 daAuts
     D:5: 140 daAuts
